 Dungeon Crawl Stone Soup version 0.30-a0-137-gd8773701ce (webtiles) character file.

Game seed: 7134872597671409367

3670 KennySheep the Zephyrmancer (level 10, 0/58 HPs)
             Began as a Tengu Air Elementalist on Sept 24, 2022.
             Was an Elder of Qazlal.
             Slain by a centaur warrior
             ... wielding a staff of fire
              (6 damage)
             ... on level 9 of the Dungeon.
             The game lasted 00:37:11 (9240 turns).

KennySheep the Zephyrmancer (TeAE)                  Turns: 9240, Time: 00:37:12

Health: 0/58       AC:  5    Str:  8    XL:     10   Next: 13%
Magic:  4/18       EV: 21    Int: 20    God:    Qazlal [****..]
Gold:   1516       SH:  5    Dex: 15    Spells: 8/18 levels left

rFire   + . .      SeeInvis .    t - +5 scimitar (freeze)
rCold   . . .      Faith    .    (no shield)
rNeg    . . .      Spirit   .    x - +0 steam dragon scales
rPois   .          Reflect  .    (helmet restricted)
rElec   .          Harm     .    (no cloak)
rCorr   .          Rampage  .    (no gloves)
Will    .....                    (boots unavailable)
Stlth   ++........               (no amulet)
HPRegen 0.19/turn                r - ring of protection from fire
MPRegen 0.16/turn                s - +4 ring of evasion

@: flying quickly and evasively, repel missiles, quick
A: beak, talons 3, nimble flight
a: Renounce Religion, Upheaval, Elemental Force


You were on level 9 of the Dungeon.
You worshipped Qazlal.
Qazlal was greatly pleased with you.
You visited 1 branch of the dungeon, and saw 9 of its levels.
You also visited: Ossuary.

You collected 1516 gold pieces.

Inventory:

Hand Weapons
 e - a +0 dagger
 t - a +5 scimitar of freezing (weapon)
Missiles
 o - a throwing net
Armour
 a - a +1 robe
 x - +0 steam dragon scales (worn)
Jewellery
 j - a ring of resist corrosion
 q - a ring of see invisible
 r - a ring of protection from fire (left hand)
 s - a +4 ring of evasion (right hand)
Wands
 y - a wand of light (16)
 A - a wand of digging (7)
Scrolls
 d - 3 scrolls of teleportation
 f - a scroll of poison
 h - 3 scrolls of immolation
 i - 3 scrolls of torment
 v - a scroll of vulnerability
 w - 2 scrolls of amnesia
 z - 4 scrolls of identify
Potions
 b - 4 potions of magic
 c - 3 potions of curing
 g - 4 potions of might
 k - a potion of heal wounds
 l - 3 potions of brilliance
 m - a potion of cancellation
 n - a potion of attraction {unknown}
 p - 2 potions of degeneration
 u - 2 potions of flight
 C - a potion of lignification {unknown}


   Skills:
 + Level 4.3 Fighting
 + Level 5.6 Dodging
 + Level 5.5 Stealth
 + Level 4.7 Spellcasting
 * Level 9.0 Conjurations
 * Level 9.6 Air Magic
 + Level 4.0 Invocations


You had 8 spell levels left.
You knew the following spells:

 Your Spells              Type           Power      Damage    Failure   Level
a - Shock                 Conj/Air       100%       1d9       1%          1
b - Static Discharge      Conj/Air       84%        2-6/arc   1%          2
c - Swiftness             Air            43%        N/A       1%          3
d - Airstrike             Air            21%        2d(4-20)  2%          4

Your spell library contained the following spells:

 Spells                   Type           Power      Damage    Failure   Level
 Cigotuvi's Dreadful Rot  Necr/Pois/Air  34%        N/A       4%          2
 Dazzling Flash           Conj/Hex       44%        N/A       5%          3
 Iskenderun's Mystic Bla  Conj/Tloc      22%        2d6       19%         4
 Portal Projectile        Hex/Tloc       8%         N/A       34%         3
 Tukima's Dance           Hex            4%         N/A       34%         3
 Dispel Undead            Necr           4%         3d7       75%         4
 Starburst                Conj/Fire      11%        6d5       96%         6
 Blade Hands              Tmut           2%         N/A       97%         5
 Death Channel            Necr           2%         N/A       100%        6


Dungeon Overview and Level Annotations

Branches:
Dungeon (9/15)             Temple (0/1) D:5            Lair (0/5) D:9
Ossuary (visited)
    Orc: D:9-12

Altars:
Cheibriados
Makhleb
Nemelex Xobeh
Okawaru
Qazlal
Uskayaw
Vehumet
Yredelemnul
Zin
The Shining One

Shops:
D:2 [   D:4 *


Innate Abilities, Weirdness & Mutations

You have a beak for a mouth.
You have claws for feet.
Your magical nature lets you fly swiftly and evasively.


Message History

You are struck by an arc of lightning.
Something is struck by an arc of lightning.
Qazlal accepts your kill.
Reactivating autopickup.
You feel a bit more experienced.
The centaur warrior is struck by an arc of lightning.
The centaur warrior is moderately wounded.
You are struck by an arc of lightning.
The lightning grounds out.
The centaur warrior is struck by an arc of lightning!
The centaur warrior is heavily wounded.
You are struck by an arc of lightning.
The lightning grounds out.
The centaur warrior hits you with a staff of fire!
You block the centaur warrior's attack.
The centaur warrior hits you with a staff of fire.
* * * LOW HITPOINT WARNING * * *
The centaur warrior misses you.
Casting: Static Discharge (safe; 1% risk of failure)
Confirm with . or Enter, or press ? or * to list all spells.
The centaur warrior is struck by an arc of lightning.
The centaur warrior is heavily wounded.
You are struck by an arc of lightning.
* * * LOW HITPOINT WARNING * * *
The centaur warrior is struck by an arc of lightning.
The centaur warrior is severely wounded.
The lightning grounds out.
The centaur warrior completely misses you. x2
Casting: Static Discharge (safe; 1% risk of failure)
Confirm with . or Enter, or press ? or * to list all spells.
The centaur warrior is struck by an arc of lightning.
The centaur warrior is severely wounded.
You are struck by an arc of lightning.
* * * LOW HITPOINT WARNING * * *
The centaur warrior is struck by an arc of lightning.
The centaur warrior is severely wounded.
You are struck by an arc of lightning.
* * * LOW HITPOINT WARNING * * *
The lightning grounds out.
The centaur warrior closely misses you. The centaur warrior barely misses you.
The centaur warrior hits you with a staff of fire.
You die...

#######..#........#
#...##............#
#.................#
#.................#
##.....##........##
##.....#........##
#.○....#.....#..#
####.§§..#....##..# ####
###...#@VK.......##..# ...#
##....°)c####.#...##..##.
#..##............>....#......
#..#.........#..............
##.#<........#.....>........
#........................###
##.#..<..................#
####.............#......#
##............#......#


You could see a centaur warrior, a vampire and a kobold brigand.

Vanquished Creatures
  Maurice (D:9)
  2 wyverns
  A steam dragon (D:7)
  2 acid dragons
  2 water moccasins
  A sky beast (D:6)
  3 black bears
  2 ogres
  A kobold brigand (D:8)
  2 scorpions
  2 bullfrogs
  A necrophage (D:4)
  12 wights
  2 howler monkeys (D:8)
  2 centaur zombies (Ossuary)
  A gnoll bouda (D:6)
  2 hounds
  4 human zombies (Ossuary)
  2 jellies
  An orc priest (D:3)
  Terence (D:3)
  6 iguanas
  An orc wizard (D:9)
  3 mummies
  6 gnolls
  8 adders
  3 shadow imps
  A white imp (D:5)
  An ufetubus (D:6)
  An adder zombie (Ossuary)
  3 worms
  3 dart slugs
  11 orcs
  5 ball pythons
  7 endoplasms
  4 giant cockroaches
  5 goblins
  4 hobgoblins
  3 jackals (D:4)
  15 kobolds
  5 quokkas
  3 bats
  4 frilled lizards
  3 goblin zombies
  6 hobgoblin zombies (Ossuary)
  2 jackal zombies (Ossuary)
  9 kobold zombies (Ossuary)
  11 orc zombies (Ossuary)
  6 rats
  A rat zombie (Ossuary)
187 creatures vanquished.

Vanquished Creatures (others)
  An orc (D:7)
  11 plants
12 creatures vanquished.

Grand Total: 199 creatures vanquished

Notes
Turn   | Place    | Note
-------+----------+-------------------------------------------
     0 | D:1      | KennySheep the Tengu Air Elementalist began the quest for
                  | the Orb.
     0 | D:1      | Reached XP level 1. HP: 10/10 MP: 4/4
    93 | D:1      | Reached XP level 2. HP: 15/15 MP: 0/6
   450 | D:1      | Found a faded altar of an unknown god.
   455 | D:1      | Prayed at the altar of an unknown god.
   455 | D:1      | Became a worshipper of Qazlal Stormbringer
   455 | D:1      | Reached * piety under Qazlal
   655 | D:1      | Reached XP level 3. HP: 19/19 MP: 3/7
  1212 | D:2      | Learned a level 2 spell: Static Discharge
  1216 | D:2      | Learned a level 3 spell: Swiftness
  1347 | D:2      | Found Mumi's Antique Armour Shoppe.
  1366 | D:2      | Reached ** piety under Qazlal
  1706 | D:2      | Reached XP level 4. HP: 21/24 MP: 1/8
  1919 | D:2      | Identified the +4 crystal plate armour "Gucw" {rN+ MP-9
                  | Dex+8}
  2226 | D:3      | Reached skill level 5 in Air Magic
  2226 | D:3      | Gained mutation: Your magical nature lets you fly swiftly
                  | and evasively. [Tengu growth]
  2226 | D:3      | Reached XP level 5. HP: 6/28 MP: 1/9
  2557 | D:3      | Reached skill level 1 in Invocations
  2663 | D:3      | Found a glowing silver altar of Zin.
  2664 | D:3      | Found a sparkling altar of Nemelex Xobeh.
  2665 | D:3      | Found a burning altar of Makhleb.
  2729 | D:3      | Found a radiant altar of Vehumet.
  2743 | D:3      | Noticed Terence
  2755 | D:3      | Killed Terence
  2911 | D:3      | Reached skill level 1 in Fighting
  3455 | D:4      | Noticed a black bear
  3470 | D:4      | Killed a black bear
  3471 | D:4      | Reached XP level 6. HP: 29/34 MP: 4/11
  3733 | D:4      | Found Jarome's Neck Hole.
  3872 | D:4      | Reached XP level 7. HP: 36/39 MP: 4/12
  4154 | D:5      | Entered Level 5 of the Dungeon
  4212 | D:5      | Reached skill level 5 in Conjurations
  4559 | D:5      | Found a staircase to the Ecumenical Temple.
  4759 | D:6      | Found a sand-covered staircase.
  4774 | Ossuary  | Entered an ossuary
  4915 | Ossuary  | Reached *** piety under Qazlal
  5115 | Ossuary  | Reached XP level 8. HP: 43/44 MP: 4/13
  5712 | D:6      | Learned a level 4 spell: Airstrike
  5847 | D:6      | Reached **** piety under Qazlal
  6099 | D:6      | Reached XP level 9. HP: 40/51 MP: 8/16
  6235 | D:6      | Found an iron altar of Okawaru.
  6976 | D:7      | Found a hide-covered altar of Uskayaw.
  7057 | D:7      | Reached skill level 5 in Dodging
  7570 | D:7      | Identified the +0 robe of the Turtle {rElec rPois}
  7719 | D:8      | Reached skill level 5 in Stealth
  7930 | D:8      | Found a snail-covered altar of Cheibriados.
  8832 | D:8      | Found a glowing golden altar of the Shining One.
  8842 | D:8      | Found a basalt altar of Yredelemnul.
  9014 | D:9      | Noticed Maurice
  9019 | D:9      | Killed Maurice
  9020 | D:9      | Reached XP level 10. HP: 57/57 MP: 4/18
  9104 | D:9      | Found a staircase to the Lair.
  9134 | D:9      | Identified a scroll of acquirement
  9135 | D:9      | Acquired 923 gold pieces
  9225 | D:9      | Noticed a centaur warrior
  9240 | D:9      | Slain by a centaur warrior

Illustrated notes

Levels and vault maps discovered:
D:1:      minmay_arrival_solitary_statue, layout_rooms,
          hellmonk_ecumenical_altar_blasted, minmay_pentomino_v4
D:2:      layout_basic, serial_shops, nicolae_shop_hallway_stairs
D:3:      layout_rooms, gammafunk_temple_overflow_forgotten,
          nicolae_vehumet_radiance, minivault_25, uniq_terence
D:4:      layout_basic, minivault_4, hex_intersection,
          nicolae_shop_sticking_my_neck_out
D:5:      layout_cave_pools
D:6:      layout_loops_cross, okawaru_metal_pillars_1_2,
          nicolae_ossuary_entry_giza, hangedman_decor_clover_reticule,
          kennysheep_pointless_box
D:7:      layout_loops_cross, amcnicky_altar_gilded
D:8:      layout_cave_pods, grunt_temple_overflow_holy_war, lemuel_doored_altar,
          chequers_serial_rivers_small_b
D:9:      nzn_winding_woodlands_small [nzn_winding_woodlands_5x15_pockets,
          nzn_winding_woodlands_center_garden,
          nzn_winding_woodlands_5x15_parted], layout_cave_pools,
          gammafunk_temple_overflow_claw, lair_entry_dummy,
          minmay_fractal_squares_gapless_5, uniq_maurice

Skill      XL: |  1  2  3  4  5  6  7  8  9 10 |
---------------+-------------------------------+-----
Conjurations   | 2 3 4 5 7 8 9 |  9.0
Air Magic      | 5 6 8 9 |  9.6
Invocations    | 1 2 3 4 |  4.0
Fighting       | 1 2 3 4 |  4.3
Dodging        | 3 4 5 |  5.6
Stealth        | 3 4 5 |  5.5
Spellcasting   | 3 4 |  4.7

Action                   |  1- 3 |  4- 6 |  7- 9 | 10-12 || total
-------------------------+-------+-------+-------+-------++-------
Melee: Dagger            |    10 |     8 |    33 |       ||    51
       Kick              |     5 |     3 |    13 |       ||    21
       Peck              |       |     1 |    10 |       ||    11
       Scimitar          |       |       |     7 |     1 ||     8
 Cast: Shock             |    83 |   103 |   251 |    21 ||   458
       Airstrike         |       |       |     3 |       ||     3
       Static Discharge  |       |       |       |     3 ||     3
Invok: Upheaval          |       |       |     2 |       ||     2
  Use: Potion            |       |     4 |     3 |     1 ||     8
       Scroll            |       |     1 |     6 |     2 ||     9
Armor: Robe              |     4 |       |     5 |       ||     9
       Steam dragon scal |       |       |     6 |     6 ||    12
Dodge: Dodged            |    16 |    24 |   115 |    29 ||   184
       Repelled          |       |       |     1 |     1 ||     2
Block: Other             |     2 |     5 |    30 |     6 ||    43

Table legend: (Time is in decaauts)
 A = Elapsed time spent in this place.
 B = Non-inter-level travel time spent in this place.
 C = Inter-level travel time spent in this place.
 D = Time resting spent in this place.
 E = Time spent auto-exploring this place.
 F = Levels seen in this place.
 G = Mean time per level.
                   A        B        C        D        E       F      G
               +--------+--------+--------+--------+--------+-----+--------+
         Total |   8887 |   8712 |    175 |   1897 |   5493 |  10 |  888.7 |
       Dungeon |   8195 |   8020 |    175 |   1719 |   5217 |   9 |  910.6 |
       Ossuary |    691 |    691 |      0 |    178 |    276 |   1 |  691.0 |
               +--------+--------+--------+--------+--------+-----+--------+

Top non-repeatable levels by time:
     D:8: 1247 daAuts
     D:2: 1216 daAuts
     D:6: 1134 daAuts
     D:3: 1015 daAuts
     D:7: 1000 daAuts
     D:1: 979 daAuts
     D:4: 859 daAuts
 Ossuary: 691 daAuts
     D:5: 516 daAuts
     D:9: 226 daAuts
